 Dungeon Crawl Stone Soup version 0.28.0-53-g5a82cb258f (webtiles) character file.

Game seed: 13897962644486941341

49 DildoBatman the Conjurer (level 4, -6/30 HPs)
             Began as a Formicid Conjurer on May 29, 2022.
             Mangled by a hornet (7 damage)
             ... on level 4 of the Dungeon.
             The game lasted 00:03:08 (1726 turns).

DildoBatman the Conjurer (Formicid Conjurer)        Turns: 1726, Time: 00:03:09

Health: -6/30      AC:  3    Str: 12    XL:     4   Next: 1%
Magic:  5/7        EV: 12    Int: 17    God:
Gold:   78         SH:  0    Dex: 17    Spells: 4/7 levels left

rFire   . . .      SeeInvis +   a - +4 dagger (holy)
rCold   . . .      Faith    .   (no shield)
rNeg    . . .      Spirit   .   k - +0 robe
rPois   .          Reflect  .   (helmet unavailable)
rElec   .          Harm     .   (no cloak)
rCorr   .          Rampage  .   (no gloves)
Will    .....                   r - +0 pair of boots {Stlth+}
Stlth   +++.......              (no amulet)
HPRegen 0.10/turn               i - +6 ring of dexterity
MPRegen 0.10/turn               m - ring of wizardry

@: no status effects
A: permanent stasis, dig shafts and tunnels, antennae 3, four strong arms
a: Dig, Shaft Self


You were on level 4 of the Dungeon.
You visited 1 branch of the dungeon, and saw 4 of its levels.

You collected 78 gold pieces.

Inventory:

Hand Weapons
 a - a +4 dagger of holy wrath (weapon)
Missiles
 c - 39 bolts
 d - 5 boomerangs
 f - 115 stones
 l - 18 arrows
 q - 4 poisoned darts
 u - 17 sling bullets
Armour
 k - a +0 robe (worn)
 r - a +0 pair of boots of stealth (worn)
 t - a +0 tower shield
Jewellery
 i - a +6 ring of dexterity (left hand)
 m - a ring of wizardry (right hand)
Scrolls
 b - a scroll of fear {unknown}
 e - a scroll of blinking {unknown}
 h - a scroll of identify {unknown}
 j - a scroll of acquirement {unknown}
 o - a scroll of amnesia {unknown}
 s - a scroll of teleportation {unknown}
Potions
 g - 2 potions of resistance {unknown}
 n - 2 potions of curing {unknown}
 p - a potion of heal wounds {unknown}


   Skills:
 - Level 1.7 Dodging
 - Level 2.4 Stealth
 - Level 2.1 Spellcasting
 * Level 4.8 Conjurations


You had 4 spell levels left.
You knew the following spells:

 Your Spells              Type           Power      Damage    Failure   Level
a - Searing Ray           Conj           36%        2d5       1%          2
c - Magic Dart            Conj           72%        1d6       1%          1

Your spell library contained the following spells:

 Spells                   Type           Power      Damage    Failure   Level
 Dazzling Flash           Conj/Hex       20%        N/A       9%          3
 Inner Flame              Hex/Fire       1%         N/A       22%         3
 Fulminant Prism          Conj/Hex       5%         3d7       26%         4
 Iskenderun's Mystic Bla  Conj/Tloc      10%        2d4       26%         4
 Cause Fear               Hex            0%         N/A       56%         4
 Discord                  Hex            0%         N/A       100%        8


Dungeon Overview and Level Annotations

Branches:
Dungeon (3/15)

Altars:


Innate Abilities, Weirdness & Mutations

You cannot be hasted, slowed, berserked, paralysed or teleported.
You can dig through walls and to a lower floor.
You have a pair of large antennae on your head. (SInv)
Your four strong arms can wield two-handed weapons with a shield.


Message History

You shout for attention!
Something unseen opens the door.
A worm comes into view.
You open the door.
A hornet comes into view.
A gnoll comes into view. It is wielding a +0 flail.
The hornet misses you. What are your orders? t - Shout!
Orders for allies: a - Attack new target. r - Retreat! s - Stop attacking. g - Guard the area. f - Follow me.
Anything else - Cancel.
You shout for attention!
You hear a shout!
The hornet stings you!
Ouch! That really hurt!
Your stasis prevents you from being slowed.
A gnoll comes into view. It is wielding a +0 halberd.
What are your orders? t - Shout!
Orders for allies: a - Attack new target. r - Retreat! s - Stop attacking. g - Guard the area. f - Follow me.
Anything else - Cancel.
You shout for attention!
The hornet stings you!
Your stasis prevents you from being slowed.
The hornet barely misses you. What are your orders? t - Shout!
Orders for allies: a - Attack new target. r - Retreat! s - Stop attacking. g - Guard the area. f - Follow me.
Anything else - Cancel.
You shout for attention!
An adder comes into view.
A gnoll comes into view.
It is wielding a +0 flail of protection.
The hornet stings you!
You die...

#...#g# {
#..w#g######
S.........
#..g....#
#.......#
#..O....#
#.......#
#..@....#
####y#### .#
.# .# .. .#
.#


You could see a hornet, an ogre, a worm, 3 gnolls and an adder.

Vanquished Creatures
  An adder (D:2)
  2 worms (D:3)
  A dart slug (D:2)
  A ball python (D:2)
  2 bats
  4 endoplasms
  A giant cockroach (D:3)
  3 goblins
  4 hobgoblins
  5 quokkas
  A kobold (D:1)
  A rat (D:3)
26 creatures vanquished.

Notes
Turn   | Place    | Note
-------+----------+-------------------------------------------
     0 | D:1      | DildoBatman the Formicid Conjurer began the quest for the
                  | Orb.
     0 | D:1      | Reached XP level 1. HP: 13/13 MP: 3/3
    36 | D:1      | You fall into a shaft and drop 1 floor!
   111 | D:2      | Reached skill level 4 in Conjurations
   111 | D:2      | Reached XP level 2. HP: 19/19 MP: 0/5
   114 | D:2      | Learned a level 2 spell: Searing Ray
   255 | D:1      | Found a faded altar of an unknown god.
   726 | D:1      | Reached XP level 3. HP: 16/24 MP: 4/6
  1710 | D:3      | Reached XP level 4. HP: 29/30 MP: 3/7
  1715 | D:3      | You fall into a shaft and drop 1 floor!
  1720 | D:4      | Noticed an ogre
  1723 | D:4      | Noticed a hornet
  1725 | D:4      | HP: 1/30 [hornet (14)]
  1726 | D:4      | Mangled by a hornet

Illustrated notes

Levels and vault maps discovered:
D:1:      amcnicky_arrival_wind_blow, layout_loops_ring,
          hellmonk_ecumenical_altar_crossroads
D:2:      layout_basic, grunt_decor_mini_mirrors
D:3:      layout_basic, kennysheep_generic_room_13
D:4:      layout_basic, lemuel_coloured_pillars_altar, uniq_pikel,
          uniq_eustachio

Skill      XL: |  1 |
---------------+----+-----
Conjurations   | 4 |  4.8
Dodging        | |  1.7
Stealth        | |  2.4
Spellcasting   | |  2.1

Action                   |  1- 3 |  4- 6 || total
-------------------------+-------+-------++-------
Melee: Dagger            |    25 |       ||    25
 Cast: Magic Dart        |    22 |       ||    22
       Searing Ray       |     6 |       ||     6
 Abil: Dig               |     1 |       ||     1
       Shaft Self        |       |     1 ||     1
 Stab: Sleeping          |     3 |       ||     3
Armor: Robe              |     4 |       ||     4
Dodge: Dodged            |    15 |     2 ||    17
